 Dungeon Crawl Stone Soup version 0.31.0-11-ge490571c62 (webtiles) character file.

Game seed: 17156401214405530324

31 Sobieck the Grasshopper (level 3, 0/33 HPs)
             Began as a Naga Warper on Jan 27, 2024.
             Slain by an ufetubus (3 damage)
             ... on level 4 of the Dungeon.
             The game lasted 00:03:18 (1392 turns).

Sobieck the Grasshopper (Naga Warper)               Turns: 1392, Time: 00:03:18

Health: 0/33       AC:  2    Str: 15    XL:     3   Next: 22%
Magic:  6/6        EV:  9    Int: 13    God:
Gold:   86         SH:  0    Dex: 10    Spells: 6/6 levels left

rFire   . .          .
                       - Unarmed
rCold   . . .        (no shield)
rNeg    . . .        a - +0 leather armour
rPois   +            (no helmet)
rElec   .            (no cloak)
rCorr   .            (no gloves)
SInv    +            (no barding)
Will    .....        (no amulet)
Stlth   +            (no ring)
HPRegen 0.25/turn    (no ring)
MPRegen 0.10/turn

%: no passive effects
@: very slow
A: AC +1, large, see invisible, deformed body, poison resistance, slowness 2,
spit poison 1, naga tail 1
a: Spit Poison


You were on level 4 of the Dungeon.
You visited 1 branch of the dungeon, and saw 4 of its levels.

You collected 86 gold pieces.

Inventory:

Hand Weapons
 b - a +0 sling
 g - a +1 dagger of venom
Missiles
 j - 23 stones
 k - 6 poisoned darts
 J - 2 atropa-tipped darts
 K - 7 darts of dispersal
Armour
 a - a +0 leather armour (worn)
Scrolls
 d - 2 scrolls of identify {unknown}
 e - a scroll of blinking
 f - a scroll of teleportation {unknown}
 h - a scroll of fog {unknown}
 l - a scroll of summoning {unknown}
Potions
 c - a potion of magic {unknown}
 i - a potion of curing {unknown}


   Skills:
 + Level 2.6 Fighting
 - Level 0.8 Throwing
 + Level 1.4 Armour
 - Level 1.5 Dodging
 + Level 2.5 Unarmed Combat
 - Level 2.0 Spellcasting
 - Level 3.0 Translocations


You had 6 spell levels left.
You didn't know any spells.
Your spell library contained the following spells:

 Spells                   Type           Power      Damage    Failure   Level
 Blink                    Tloc           18%        N/A       14%         2
 Lesser Beckoning         Tloc           18%        N/A       14%         2
 Teleport Other           Tloc           9%         N/A       26%         3
 Manifold Assault         Tloc           9%         N/A       65%         4
 Call Canine Familiar     Summ           1%         N/A       67%         3
 Fugue of the Fallen      Necr           1%         N/A       67%         3
 Ozocubu's Armour         Ice            1%         N/A       67%         3
 Sigil of Binding         Hex            1%         N/A       67%         3
 Dimensional Bullseye     Hex/Tloc       2%         N/A       86%         4
 Vhi's Electric Charge    Tloc/Air       10%        N/A       86%         4


Dungeon Overview and Level Annotations

Branches:
Dungeon (4/15)
 Temple: D:4-7

Altars:


Innate Abilities, Weirdness & Mutations

Your serpentine skin is tough. (AC +1)
You have supernaturally acute eyesight. (SInv)
Armour fits poorly on your strangely shaped body.
Your system is resistant to poisons. (rPois)
You cover ground very slowly.
You can spit poison.
You have a snake-like lower body.


Message History

Found a stone staircase leading up.
Unknown command.
j - 23 stones (gained 6)
There is a stone staircase leading up here.
You climb upwards.
The ufetubus shouts!
You hear a shout!
Found 13 gold pieces.
Found a stone staircase leading down.
There is a stone staircase leading down here.
Unknown command.
Unknown command.
Unknown command.
Unknown command.
The splash of poison hits the dart slug!
The dart slug is poisoned.
You kill the dart slug!
An ufetubus comes into view.
The ufetubus hits you. The ufetubus barely misses you.
You have got your breath back.
The ufetubus misses you. The ufetubus hits you.
You climb downwards.
There is a stone staircase leading up here.
Unknown command.
Unknown command.
You hit the ufetubus but do no damage. The ufetubus barely misses you. x2
You miss the ufetubus. The ufetubus hits you.
The ufetubus hits you but does no damage.
The ufetubus completely misses you. The ufetubus hits you.
You hit the ufetubus but do no damage. The ufetubus hits you. x2
You barely miss the ufetubus. The ufetubus hits you.
The ufetubus closely misses you. The ufetubus barely misses you.
The ufetubus hits you.
Unknown command.
You barely miss the ufetubus.
The ufetubus hits you but does no damage.
The ufetubus closely misses you.
You barely miss the ufetubus. The ufetubus hits you.
* * * LOW HITPOINT WARNING * * *
The ufetubus misses you.
Unknown command.
Okay, then.
You miss the ufetubus. The ufetubus hits you.
* * * LOW HITPOINT WARNING * * *
The ufetubus barely misses you. The ufetubus hits you.
* * * LOW HITPOINT WARNING * * *
The ufetubus hits you.
* * * LOW HITPOINT WARNING * * *
Unknown command.
You hit the ufetubus but do no damage. The ufetubus closely misses you.
The ufetubus hits you.
You die...

#.#############
.............
###...#..#
###.....@..#
#.......5.##
#.#...##.##
##.#.........
#.......##..#
#..#.#........
#..#.#.....####
#..#...###...
#..##### #...


You could see an ufetubus.

Vanquished Creatures
  A dart slug (D:3)
  A ribbon worm (D:2)
  4 bats (D:1)
  2 endoplasms (D:1)
  4 giant cockroaches
  4 goblins (D:1)
  A hobgoblin (D:1)
  2 quokkas (D:1)
  A ball python (D:1)
  2 frilled lizards (D:1)
  A kobold (D:1)
23 creatures vanquished.

Notes
Turn   | Place    | Note
-------+----------+-------------------------------------------
     0 | D:1      | Sobieck the Naga Warper began the quest for the Orb.
     0 | D:1      | Reached XP level 1. HP: 19/19 MP: 3/3
   145 | D:1      | Reached skill level 1 in Armour
   255 | D:1      | Reached XP level 2. HP: 12/26 MP: 5/5
   403 | D:1      | Found a faded altar of an unknown god.
   802 | D:1      | Reached XP level 3. HP: 16/33 MP: 6/6
  1355 | D:2      | You fall into a shaft and drop 2 floors!
  1392 | D:4      | Slain by an ufetubus

Illustrated notes

Levels and vault maps discovered:
D:1:      evilmike_arrival_home_sweet_home, layout_basic,
          shapermc_ecumenical_altar_gd, chequers_jeans
D:2:      layout_basic
D:3:      layout_loops_cross, nemelex_xobeh_ov_fountains_minmay
D:4:      layout_basic, nicolae_uskayaw_dance_hall,
          nicolae_qazlal_style_of_elements, mainiacjoe_overflow_24_doors,
          uniq_ijyb

Skill      XL: |  1 |
---------------+----+-----
Armour         | 1 |  1.4
Fighting       | |  2.6
Throwing       | |  0.8
Dodging        | |  1.5
Unarmed Combat | |  2.5
Spellcasting   | |  2.0
Translocations | |  3.0

Action                     || total
---------------------------++-------
  Melee: Unarmed           ||    79
         Punch             ||     1
         Dagger            ||     4
   Fire: Sling             ||    16
Ability: Spit Poison       ||    12
 Armour: Leather armour    ||    72
  Dodge: Dodged            ||    53
